 Dungeon Crawl Stone Soup version 0.28-a0-1184-g53156a8862 (webtiles) character file.

Game seed: 4792822502518178561

43 ytrimaz the Insei (level 3, 0/23 HPs)
             Began as an Octopode Transmuter on Dec 17, 2021.
             Slain by a phantom (7 damage)
             ... on level 3 of the Dungeon.
             The game lasted 00:02:45 (1998 turns).

ytrimaz the Insei (Octopode Transmuter)             Turns: 1998, Time: 00:02:46

Health: 0/23       AC:  2    Str:  9    XL:     3   Next: 58%
Magic:  15/15      EV: 19    Int: 17    God:
Gold:   96         SH:  5    Dex: 17    Spells: 0/6 levels left

rFire   . . .      SeeInvis .     - Unarmed
rCold   + . .      Faith    .   (shield currently unavailable)
rNeg    . . .      Spirit   .   (helmet currently unavailable)
rPois   x          Reflect  +   a - amulet of reflection
rElec   .          Harm     .   c - ring of Vycool {rC+ MP+9}
rCorr   .          Rampage  .   (no ring)
Will    .....                   (no ring)
Stlth   ++........              (no ring)
HPRegen 0.07/turn               (no ring)
MPRegen 0.14/turn               (no ring)
                                (no ring)
                                (no ring)

@: mighty, spider-form (expiring)
A: venomous fangs, almost no armour, (amphibious), 8 rings, tiny, (camouflage
1), (gelatinous body 1), (nimble swimmer 1), (tentacles)
a: End Transformation


You were on level 3 of the Dungeon.
You were a venomous arachnid creature.
You visited 1 branch of the dungeon, and saw 3 of its levels.

You collected 96 gold pieces.

Inventory:

Jewellery
 a - an amulet of reflection (around neck)
 c - the ring of Vycool (left front leg) {rC+ MP+9}
   (You acquired it on level 1 of the Dungeon)

   [ring of magical power]

   rC:        It protects you from cold.
   MP:        It affects your magic capacity (+9).
Scrolls
 e - a scroll of holy word
 f - a scroll of teleportation
Potions
 d - a potion of curing {unknown}
 h - a potion of haste {unknown}


   Skills:
 * Level 1.2 Fighting
 * Level 2.3 Dodging
 + Level 0.1 Shields
 + Level 3.5 Unarmed Combat
 * Level 2.4 Spellcasting
 * Level 2.4 Transmutations


You couldn't memorise any spells.
You knew the following spells:

 Your Spells              Type           Power      Damage    Failure   Level
a - Beastly Appendage     Tmut           20%        N/A       19%         1
b - Wereblood             Tmut           10%        N/A       26%         2
c - Spider Form           Tmut/Pois      6%         N/A       56%         3

Your spell library contained the following spells:

 Spells                   Type           Power      Damage    Failure   Level
 Slow                     Hex            8%         N/A       38%         1
 Confusing Touch          Hex            2%         N/A       71%         3
 Vampiric Draining        Necr           2%         2d6       71%         3
 Ice Form                 Ice/Tmut       6%         N/A       89%         4


Dungeon Overview and Level Annotations

Branches:
Dungeon (3/15)

Altars:


Innate Abilities, Weirdness & Mutations

You are a venomous arachnid creature.
You have poisonous fangs.
You are tiny and dextrous.
Your spellcasting is less reliable in this form.
Your armour is entirely melded.
You are incapable of wielding weapons or throwing items.
You cannot wear most types of armour.
((You are amphibious.))
You can wear up to eight rings at the same time.
((Your skin changes colour to match your surroundings (Stealth+).))
((Your rubbery body absorbs attacks. (AC +1, EV +1)))
((You are camouflaged near water. (Stealth+)))
((You have tentacles for arms and can constrict up to eight enemies at once.))


Message History

You see here a giant cockroach corpse.
Your transformation is almost over.
Magic restored.
Found 13 sling bullets.
Your tentacle spike disappears.
You see here 13 sling bullets.
A phantom comes into view.
A phantom is nearby!
One of your tentacles grows a vicious spike.
Casting: Beastly Appendage (safe; 7% risk of failure)
Confirm with . or Enter, or press ? or * to list all spells.
The spell is extremely dangerous to miscast (34% risk of failure)!
Continue anyway?
Your tentacle spike disappears.
You turn into a venomous arachnid creature.
Unknown command.
The phantom hits you.
You hit the phantom but do no damage. The phantom hits you!
You hit the phantom but do no damage. You block the phantom's attack.
You hit the phantom.
The phantom is lightly damaged.
The phantom misses you.
Unknown command.
You hit the phantom.
The phantom is moderately damaged.
The phantom misses you.
You feel very mighty all of a sudden. The phantom misses you.
Unknown command.
You bite the phantom!
The phantom is severely damaged.
The phantom hits you.
* * * LOW HITPOINT WARNING * * *
You bite the phantom!
The phantom is almost destroyed.
Your transformation is almost over.
The phantom barely misses you.
Unknown command.
It was a potion of magic.
Magic courses through your body. The phantom hits you!
You die...

###
############.#
#............#
##.#########.#
#.#########.#
#s#.........#
###
#W#.######(.#
#.. #.# #..#
#.. #.#
#..####†. #.#
#........ ...
#.....#.. ...
#..####.. #..
#..# #.. ####
#..# #..


You could see a phantom.

Vanquished Creatures
  A worm (D:2)
  3 dart slugs
  7 ball pythons
  A bat (D:2)
  3 endoplasms
  4 giant cockroaches
  2 hobgoblins (D:2)
  3 jackals (D:1)
  2 goblins
  2 kobolds
  3 rats
31 creatures vanquished.

Notes
Turn   | Place    | Note
-------+----------+-------------------------------------------
     0 | D:1      | ytrimaz the Octopode Transmuter began the quest for the
                  | Orb.
     0 | D:1      | Reached XP level 1. HP: 13/13 MP: 3/3
   233 | D:1      | Reached XP level 2. HP: 18/18 MP: 3/5
   416 | D:1      | Identified a scroll of acquirement
   417 | D:1      | Acquired the ring of Vycool {rC+ MP+9}
   719 | D:2      | Reached XP level 3. HP: 23/23 MP: 6/6
   726 | D:2      | Learned a level 2 spell: Wereblood
   730 | D:2      | Learned a level 3 spell: Spider Form
   787 | D:2      | Found a faded altar of an unknown god.
  1982 | D:3      | Noticed a phantom
  1998 | D:3      | Slain by a phantom

Illustrated notes

Levels and vault maps discovered:
D:1:      minmay_arrival_up_and_down, layout_rooms
D:2:      layout_rooms, serial_co_window_serial, co_window_cross_1,
          co_window_corner_a, co_window_corner_a, co_window_of_opportunity_a,
          co_window_of_opportunity_a, co_window_broadway_c, co_window_corner_b,
          co_window_cross_4, co_window_sun, glass_columns_a, glass_columns_a,
          glass_columns_c, glass_columns_b, dilly_ecumenical_altar_fadedgnrine
D:3:      layout_basic, lemuel_round_altar, nicolae_elyvilon_temple_path

Action                   || total
-------------------------++-------
Melee: Unarmed           ||    64
       Constrict         ||    18
       Kick              ||    13
       Tentacles         ||     8
       Punch             ||     1
 Cast: Beastly Appendage ||    20
       Spider Form       ||     1
  Use: Scroll            ||     7
       Potion            ||     2
 Stab: Sleeping          ||     7
Armor: Skin              ||     4
Dodge: Dodged            ||    37
Block: Other             ||    14

Table legend: (Time is in decaauts)
 A = Elapsed time spent in this place.
 B = Non-inter-level travel time spent in this place.
 C = Inter-level travel time spent in this place.
 D = Time resting spent in this place.
 E = Time spent auto-exploring this place.
 F = Levels seen in this place.
 G = Mean time per level.
                   A        B        C        D        E       F      G
               +--------+--------+--------+--------+--------+-----+--------+
         Total |   1993 |   1961 |     32 |      0 |   1635 |   3 |  664.3 |
       Dungeon |   1993 |   1961 |     32 |      0 |   1635 |   3 |  664.3 |
               +--------+--------+--------+--------+--------+-----+--------+

Top non-repeatable levels by time:
     D:2: 1232 daAuts
     D:1: 710 daAuts
     D:3: 50 daAuts
